 Dungeon Crawl Stone Soup version 0.27.0-1-g7a089689b8 (webtiles) character file.

Game seed: 7504941574691106886

100 ZARRMARR the Cudgeller (level 4, 0/41 HPs)
             Began as a Minotaur Berserker on Aug 14, 2021.
             Was a Believer of Trog.
             Slain by an orc (6 damage)
             ... on level 2 of the Dungeon.
             The game lasted 00:05:37 (1618 turns).

ZARRMARR the Cudgeller (Minotaur Berserker)         Turns: 1618, Time: 00:05:38

Health: 0/41       AC:  2    Str: 22    XL:     4   Next: 47%
Magic:  3/3        EV: 12    Int:  4    God:    Trog [**....]
Gold:   87         SH:  0    Dex: 10    Spells: 3/3 levels left

rFire    . . .     SeeInvis .   a - +0 mace
rCold    . . .     Faith    .   (no shield)
rNeg     . . .     Spirit   .   b - +0 animal skin
rPois    .         Reflect  .   (helmet restricted)
rElec    .         Harm     .   (no cloak)
rCorr    .         Rampage  .   (no gloves)
Will     ++...                  (no boots)
Stlth    +.........             (no amulet)
HPRegen  1.13/turn              (no ring)
MPRegen  0.08/turn              (no ring)

@: strong-willed (expiring), on berserk cooldown, regenerating (expiring),
slowed, very slow
A: horns 2, retaliatory headbutt
a: Renounce Religion, Berserk, Trog's Hand


You were on level 2 of the Dungeon.
You worshipped Trog.
Trog was pleased with you.
You visited 1 branch of the dungeon, and saw 2 of its levels.

You collected 87 gold pieces.

Inventory:

Hand Weapons
 a - a +0 mace (weapon)
Missiles
 e - 5 javelins (quivered)
Armour
 b - a +0 animal skin (worn)
Scrolls
 f - a scroll of magic mapping
 g - a scroll of immolation {unknown}
 h - a scroll of silence {unknown}
 l - a scroll of noise {unknown}
Potions
 c - a potion of flight {unknown}
 d - a potion of lignification {unknown}
 i - a potion of brilliance {unknown}
 j - a potion of curing {unknown}
 k - a potion of mutation {unknown}


   Skills:
 + Level 4.6 Fighting
 + Level 5.1 Maces & Flails
 + Level 0.1 Throwing
 + Level 2.9 Armour
 + Level 2.6 Dodging


You had 3 spell levels left.
You didn't know any spells.
Your spell library contained the following spells:

 Spells                   Type           Power      Damage    Failure   Level
 Corona                   Hex            0%         N/A       50%         1
 Ensorcelled Hibernation  Hex/Ice        0%         N/A       65%         2
 Tukima's Dance           Hex            0%         N/A       86%         3
 Summon Ice Beast         Ice/Summ       0%         N/A       99%         4
 Summon Mana Viper        Hex/Summ       0%         N/A       100%        5
 Monstrous Menagerie      Summ           0%         N/A       100%        7


Dungeon Overview and Level Annotations

Branches:
Dungeon (2/15)

Altars:


Innate Abilities, Weirdness & Mutations

You have a pair of horns on your head.
You reflexively headbutt those who attack you in melee.


Message History

Trog accepts your kill.
The orc priest mumbles some strange prayers to Beogh against you.
Beogh smites you!
You hear a shout! x2
You feel a strong urge to attack something.
The orc shouts!
Things that are here:
a +0 dagger; a goblin corpse You sock the orc priest!
The orc priest is almost dead.
The orc hits you with a +0 dagger. The orc priest hits you with a +0 mace!
* * * LOW HITPOINT WARNING * * *
You barely miss the orc. You headbutt the orc!
You kill the orc!
Trog accepts your kill.
You have reached level 4!
You feel stronger.
You thump the orc priest!
You kill the orc priest!
Trog accepts your kill.
Your Maces & Flails skill increases to level 5!
You sock the orc!
You kill the orc!
Trog accepts your kill.
You are no longer berserk.
You are exhausted.
You feel yourself slow down.
You start resting.
An orc is nearby!
Your skin crawls.
You feel strong-willed.
You feel the effects of Trog's Hand fading.
The orc hits you with a +0 mace.
* * * LOW HITPOINT WARNING * * *
You hit the orc.
The orc is almost dead.
The orc hits you with a +0 mace.
* * * LOW HITPOINT WARNING * * *
The orc hits you with a +0 mace.
You die...

...........#
##### .
.#######..#.# #
#. #..#.# #
#..#.# #..#.#
####..#.#
#.....#.#
#.###.#.# #@#
#.# #o# #.#
...>..........#
............###
#.###########


You could see an orc.

Vanquished Creatures
  An orc priest (D:2)
  2 adders (D:2)
  2 worms (D:2)
  A dart slug (D:1)
  2 orcs (D:2)
  4 bats
  5 endoplasms (D:1)
  2 giant cockroaches
  4 goblins
  6 jackals
  4 ball pythons (D:1)
  4 frilled lizards
  2 kobolds (D:1)
  4 rats
43 creatures vanquished.

Notes
Turn   | Place    | Note
-------+----------+-------------------------------------------
     0 | D:1      | ZARRMARR the Minotaur Berserker began the quest for the
                  | Orb.
     0 | D:1      | Reached XP level 1. HP: 19/19 MP: 0/0
   102 | D:1      | Reached XP level 2. HP: 25/27 MP: 1/1
   134 | D:1      | Reached skill level 4 in Maces & Flails
   717 | D:1      | Reached XP level 3. HP: 33/33 MP: 2/2
  1026 | D:2      | Reached ** piety under Trog
  1614 | D:2      | Reached XP level 4. HP: 17/41 MP: 3/3
  1615 | D:2      | Reached skill level 5 in Maces & Flails
  1618 | D:2      | Slain by an orc

Illustrated notes

Levels and vault maps discovered:
D:1:      tarquinn_simple_flora_water_d, layout_loops_ring
D:2:      layout_loops_ring, chequers_mini_garden

Skill      XL: |  1  2  3  4 |
---------------+-------------+-----
Maces & Flails | 4 5 |  5.1
Fighting       | 4 |  4.6
Throwing       | |  0.1
Armour         | |  2.9
Dodging        | |  2.6

Action                   |  1- 3 |  4- 6 || total
-------------------------+-------+-------++-------
Melee: Mace              |    65 |     3 ||    68
       Headbutt          |     9 |       ||     9
Throw: Stone             |     5 |       ||     5
       Javelin           |     1 |       ||     1
Invok: Berserk           |     1 |       ||     1
       Trog's Hand       |       |     1 ||     1
  Use: Scroll            |     1 |       ||     1
 Stab: Sleeping          |     1 |       ||     1
Armor: Animal skin       |    12 |       ||    12
Dodge: Dodged            |    38 |       ||    38
